 Dungeon Crawl Stone Soup version 0.31-a0-1496-g79c7dd0eeb (webtiles) character file.

Game seed: 7673741981385000901

340 dorian the Covered (level 6, -1/75 HPs)
             Began as an Armataur Berserker on Dec 29, 2023.
             Was a Believer of Trog.
             Slain by an iguana (3 damage)
             ... on level 4 of the Dungeon.
             The game lasted 00:03:47 (2731 turns).

dorian the Covered (Armataur Berserker)             Turns: 2731, Time: 00:03:47

Health: -1/75      AC: 10    Str: 24    XL:     6   Next: 30%
Magic:  6/6        EV:  5    Int:  7    God:    Trog [**....]
Gold:   79         SH:  0    Dex: 10    Spells: 5/5 levels left

rFire   + . .        a - +1 mace
rCold   . . .        (no shield)
rNeg    . . .        c - +0 plate armour
rPois   .            (no helmet)
rElec   .            (no cloak)
rCorr   .            (no gloves)
SInv    .            (no barding)
Will    +....        (no amulet) Stlth
                     n - ring of willpower
HPRegen 0.32/turn    p - ring of protection from fire
MPRegen 1.42/turn

%: roll
@: berserking (expiring), lethally poisoned (-1 -> -4), very quick
A: large, deformed body, tough skin 3, armoured tail, roll 1
a: Renounce Religion, Berserk, Trog's Hand


You were on level 4 of the Dungeon.
You worshipped Trog.
Trog was pleased with you.
You visited 1 branch of the dungeon, and saw 4 of its levels.

You collected 174 gold pieces.
You spent 95 gold pieces at shops.

Inventory:

Hand Weapons
 a - a +1 mace (weapon)
Missiles
 f - 2 javelins
 m - a throwing net
Armour
 b - a +0 animal skin
 c - a +0 plate armour (worn)
Jewellery
 n - a ring of willpower (left hand)
 p - a ring of protection from fire (right hand)
 u - a ring of flight
Wands
 l - a wand of mindburst (14)
Scrolls
 e - a scroll of immolation {unknown}
 h - a scroll of enchant weapon
Potions
 d - a potion of lignification {unknown}
 i - a potion of mutation {unknown}
 j - a potion of might {unknown}
 q - 2 potions of curing
 r - a potion of haste {unknown}
 s - a potion of heal wounds


   Skills:
 - Level 2.6 Fighting
 + Level 4.9 Maces & Flails
 + Level 6.0 Armour
 - Level 1.3 Dodging


You had 5 spell levels left.
You didn't know any spells.
Your spell library was empty.

Dungeon Overview and Level Annotations

Branches:
Dungeon (4/15)
 Temple: D:4-7

Altars:

Shops:
D:1 (   D:3 *


Innate Abilities, Weirdness & Mutations

Armour fits poorly on your strangely shaped body.
You have extremely tough skin. (AC +3)
You have a long armoured tail.
You regenerate magic when rolling toward enemies. (Rampage MPRegen)


Message History

The orc priest is heavily wounded.
The adder bites you but does no damage. The orc priest barely misses you.
You barely miss the orc priest.
The orc priest is moderately wounded.
The adder bites you but does no damage. The goblin barely misses you.
The orc priest hits you but does no damage.
The iguana bites you.
* * * LOW HITPOINT WARNING * * *
You completely miss the orc priest.
The orc priest is moderately wounded.
The adder bites you but does no damage. The goblin hits you but does no damage.
The orc priest barely misses you.
The iguana bites you but does no damage.
You barely miss the orc priest.
The orc priest is moderately wounded.
The adder bites you but does no damage. The goblin hits you but does no damage.
The orc priest hits you with a +0 flail.
* * * LOW HITPOINT WARNING * * *
The iguana bites you.
* * * LOW HITPOINT WARNING * * *
You closely miss the orc priest.
The orc priest is moderately wounded.
The adder barely misses you.
You hit the orc priest. You tail-slap the orc priest!
You kill the orc priest!
Trog accepts your kill.
Your skin stops crawling.
You feel less strong-willed. The adder bites you.
* * * LOW HITPOINT WARNING * * *
You are poisoned.
The adder poisons you! The goblin closely misses you. The iguana bites you!
* * * LOW HITPOINT WARNING * * *
Your Armour skill increases to level 6!
You are too berserk!
You miss the adder.
The adder is moderately wounded.
* * * LOW HITPOINT WARNING * * *
You feel sick. The adder bites you but does no damage.
The goblin hits you but does no damage. The iguana bites you.
You die...

..###.##.#####.#
#.....##.#####.# .#
....##........# .#
....##..#####.# .# ##..##..#
#.# .# .#
#..##..#####.####.#
...##.(##.........?.#.######
##.#.......#####)l..........
.......#....))))@S>...##..
..........#####)#g#.........
##.#.#.#.## #...######....
#..[†††.# ##..# o..
######..## #..# . # #..#
#..# # ###..# #..# # #....#
#..# # #.##......


You could see an iguana, an adder and a goblin.

Vanquished Creatures
  An ogre (D:4)
  3 orc priests (D:4)
  Ijyb (D:3)
  2 adders
  4 gnolls (D:3)
  A dart slug (D:1)
  4 worms
  4 orcs
  7 giant cockroaches
  6 goblins
  5 hobgoblins
  7 jackals
  5 kobolds
  3 quokkas
  6 ball pythons
  5 bats
  6 frilled lizards
  A rat (D:1)
71 creatures vanquished.

Notes
Turn   | Place    | Note
-------+----------+-------------------------------------------
     0 | D:1      | dorian the Armataur Berserker began the quest for the Orb.
     0 | D:1      | Reached XP level 1. HP: 18/18 MP: 1/1
    37 | D:1      | Found Mehifa Nupli's Weapon Boutique.
   104 | D:1      | Reached XP level 2. HP: 25/25 MP: 2/2
   111 | D:1      | Reached skill level 3 in Armour
   518 | D:1      | Reached XP level 3. HP: 30/30 MP: 3/3
   519 | D:1      | Found a faded altar of an unknown god.
   978 | D:2      | Reached ** piety under Trog
  1245 | D:2      | Reached skill level 4 in Armour
  1445 | D:3      | Noticed Ijyb
  1453 | D:3      | Killed Ijyb
  1454 | D:3      | Reached XP level 4. HP: 21/37 MP: 4/4
  1571 | D:3      | Found Isotuiz's Assorted Antiques.
  1587 | D:3      | Bought an encrusted silver ring for 95 gold pieces
  1959 | D:3      | Reached XP level 5. HP: 9/42 MP: 5/5
  2692 | D:4      | Noticed an ogre
  2713 | D:4      | Killed an ogre
  2714 | D:4      | Reached skill level 5 in Armour
  2720 | D:4      | Reached XP level 6. HP: 17/50 MP: 6/6
  2730 | D:4      | HP: 3/75 [iguana (9)]
  2731 | D:4      | Reached skill level 6 in Armour
  2731 | D:4      | Slain by an iguana

Illustrated notes

Levels and vault maps discovered:
D:1:      minmay_arrival_four_loops, layout_loops_ring,
          hellmonk_ecumenical_altar_run_dry, serial_shops,
          nicolae_shop_bloodbath_and_beyond, serial_forest,
          infiniplex_forest_clump_tiny, infiniplex_forest_lined_corner,
          infiniplex_forest_clump_C, infiniplex_forest_zigzag_1,
          infiniplex_forest_zigzag_1
D:2:      layout_loops_cross, kennysheep_generic_room_15
D:3:      layout_basic, serial_shops, shop, uniq_ijyb
D:4:      layout_loops_ring

Skill      XL: |  1  2  3  4  5  6 |
---------------+-------------------+-----
Maces & Flails | 3 4 |  4.9
Armour         | 3 4 5 6 |  6.0
Fighting       | |  2.6
Dodging        | |  1.3

Action                     |  1- 3 |  4- 6 || total
---------------------------+-------+-------++-------
  Melee: Mace              |   134 |    94 ||   228
         Tailslap          |    10 |    17 ||    27
 Invoke: Berserk           |       |     2 ||     2
         Trog's Hand       |       |     2 ||     2
    Use: Scroll            |       |     8 ||     8
         Potion            |       |     1 ||     1
 Armour: Plate armour      |   114 |   120 ||   234
  Dodge: Dodged            |    32 |    33 ||    65

Table legend: (Time is in decaauts)
 A = Elapsed time spent in this place.
 B = Non-inter-level travel time spent in this place.
 C = Inter-level travel time spent in this place.
 D = Time resting spent in this place.
 E = Time spent auto-exploring this place.
 F = Levels seen in this place.
 G = Mean time per level.
                   A        B        C        D        E       F      G
               +--------+--------+--------+--------+--------+-----+--------+
         Total |   2779 |   2700 |     79 |     40 |   2198 |   4 |  694.8 |
       Dungeon |   2779 |   2700 |     79 |     40 |   2198 |   4 |  694.8 |
               +--------+--------+--------+--------+--------+-----+--------+

Top non-repeatable levels by time:
     D:3: 1123 daAuts
     D:1: 824 daAuts
     D:2: 650 daAuts
     D:4: 180 daAuts
